 Seeded DCSS version 0.30.0-7-g0c4daa9e05 (webtiles) character file.

Game seed: 18007716519941398942 (custom seed)

7 IndexError the Shooter (level 1, 16/16 HPs)
             Began as a Demonspawn Hunter on May 13, 2023.
             Quit the game on level 1 of the Dungeon.
             The game lasted 00:00:43 (60 turns).

IndexError the Shooter (Demonspawn Hunter)            Turns: 60, Time: 00:00:44

Health: 16/16      AC:  3    Str: 11    XL:     1   Next: 83%
Magic:  1/1        EV: 11    Int: 10    God:
Gold:   9          SH:  0    Dex: 16    Spells: 1/1 levels left

rFire   . . .        a - +0 shortbow
rCold   . . .        (shield currently unavailable)
rNeg    . . .        c - +0 leather armour
rPois   .            (no helmet)
rElec   .            (no cloak)
rCorr   .            (no gloves)
SInv    .            (no boots)
Will    .....        (no amulet)
Stlth   ++           (no ring)
HPRegen 0.22/turn    (no ring)
MPRegen 0.07/turn

%: no passive effects
@: no status effects
A: no striking features
a: no special abilities


You were on level 1 of the Dungeon.
You visited 1 branch of the dungeon, and saw 1 of its levels.

You collected 9 gold pieces.

Inventory:

Hand Weapons
 a - a +0 shortbow (weapon)
Armour
 c - a +0 leather armour (worn)
Jewellery
 f - an amulet of faith {Faith, !P}
   (You found it on level 1 of the Dungeon)
Scrolls
 b - a scroll of immolation {!r}
 d - a scroll of magic mapping {unknown}
Potions
 e - a potion of berserk rage {unknown}


   Skills:
 + Level 2.0 Fighting
 + Level 3.6 Ranged Weapons
 * Level 0.4 Armour
 - Level 1.7 Dodging
 + Level 1.0 Stealth
 * Level 0.5 Spellcasting


You had one spell level left.
You didn't know any spells.
Your spell library was empty.

Dungeon Overview and Level Annotations

Branches:
Dungeon (1/15)

Altars:


Message History

Options error: Missing colour in message_colour setting: 'mortal' Options error: Missing colour in message_colour setting: 'you see no one' Options error: Missing colour in message_colour setting: 'you\'re it!\"' Options error: Missing colour in message_colour setting: 'Boring in death\"' Options error: Missing colour in message_colour setting: 'baby\' Options error: Missing colour in message_colour setting: 'burn!\"' Options error: Missing colour in message_colour setting: 'mortal\.\"' Options error: Missing colour in message_colour setting: 'my child!\"' Options error: Missing colour in message_colour setting: 'this looks better\.\"' Options error: Missing colour in message_colour setting: 'my child!\"' Options error: Missing colour in message_colour setting: 'my (child|children)!\"' Options error: Missing colour in message_colour setting: 'stopping explore' Options error: Missing colour in message_colour setting: 'Shift\-Dir \- straight line' Options error: Missing colour in message_colour setting: 'f \- you' Options error: Bad colour 'boring' in message_colour setting: 'boring:disappears without a glow' Options error: Bad colour 'boring' in message_colour setting: 'boring:disappears without a sign' Options error: Bad colour 'boring' in message_colour setting: 'boring:disappears into the void' Options error: Bad colour 'boring' in message_colour setting: 'boring:glow with a rainbow of weird colours and disappear' Options error: Bad colour 'boring' in message_colour setting: 'boring:glows slightly and disappears' Options error: Bad colour 'boring' in message_colour setting: 'boring:is slowly consumed by flames' Options error: Bad colour 'boring' in message_colour setting: 'boring:slowly burns to ash' Options error: Bad colour 'boring' in message_colour setting: 'boring:slowly crumbles into the ground' Options error: Bad colour 'boring' in message_colour setting: 'boring:shimmers? and breaks? into pieces' Options error: Bad colour 'boring' in message_colour setting: 'boring:stares at you suspiciously for a moment' Options error: Bad colour 'boring' in message_colour setting: 'boring:trembles before you' Options error: Bad colour 'boring' in message_colour setting: 'boring:You feel mildly nauseous' Options error: Bad colour 'boring' in message_colour setting: 'boring:Multicoloured lights dance around' Options error: Unknown explore stop condition 'greedy_sacrificeable' (~/.crawlrc:7640) Bad channel name 'Jiyva says' for runrest: 'Jiyva says: Divide and consume' Welcome, IndexError the Demonspawn Hunter.
Game seed: 18007716519941398942 (custom seed) Press ? for a list of commands and other information.
Found six items.
Found a staircase leading out of the dungeon.
Unknown command.
Unknown command.
Unknown command.
Unknown command.
Unknown command.
Unknown command.
Unknown command.
Unknown command.
d - a scroll labelled DAUD DOTON
e - a pink potion
f - an amulet of faith {Faith, !P} You now have 9 gold pieces.
A jackal comes into view.
You shoot an arrow. The arrow hits the jackal.
The jackal barks!
You hear a bark! x2
A jackal comes into view.
You shoot an arrow. The arrow closely misses the jackal.
The jackal barks!
The arrow hits the jackal.
A jackal comes into view.
You shoot an arrow. The arrow hits the jackal!
A jackal comes into view.
You shoot an arrow. The arrow closely misses the jackal.
The arrow barely misses the jackal.
The jackal barks!
An endoplasm comes into view.
You shoot an arrow. The arrow closely misses the jackal.
The arrow barely misses the jackal.
The endoplasm quivers.
The jackal bites you but does no damage.
You shoot an arrow. The arrow barely misses the jackal.
The arrow closely misses the jackal.
The jackal barely misses you. x2
The jackal misses you.
The jackal bites you but does no damage.
You shoot an arrow. The arrow hits the jackal.
The jackal closely misses you. x2
The jackal barely misses you.
The jackal bites you but does no damage.
Your Stealth skill increases to level 1!
The jackal attacks as you move away! The jackal closely misses you.
You shoot an arrow. The arrow barely misses the jackal.
The jackal barely misses you. x2
You shoot an arrow. The arrow hits the jackal.
The jackal closely misses you.
You shoot an arrow.
The arrow hits the jackal but does no damage.
The jackal barely misses you. The jackal closely misses you.
You shoot an arrow.
The arrow hits the jackal but does no damage.
The jackal bites you.
The jackal bites you but does no damage.
You take 2 damage, and have 14/16 hp.
You shoot an arrow. The arrow hits the endoplasm!
The jackal closely misses you. x2
You shoot an arrow. The arrow closely misses the jackal.
The jackal bites you.
The jackal bites you but does no damage.
You take 2 damage, and have 12/16 hp.
You shoot an arrow. The arrow closely misses the jackal.
The jackal closely misses you.
You shoot an arrow. The arrow hits the jackal!
No target in view!
No target in view!
No target in view!
HP restored.
An endoplasm comes into view.
Health restored: 16 Are you sure you want to abandon this character and quit the game? (Confirm with "yes".)

§≈≈......<......≈≈≈
#§#.............#≈#
.
#.............##..
#.............# .#
##...........##
##.........##
##.......##
####.#######..
#.@.#.......
......#.#.†......
.......#.....####
####.#.....#.#
#..#...## ..
#.....#. ...
##.####.. .. .. ..J
. ## ..


You could see an endoplasm (asleep).

Vanquished Creatures
  An endoplasm (D:1)
  4 jackals (D:1)
5 creatures vanquished.

Notes
Turn   | Place    | Note
-------+----------+-------------------------------------------
     0 | D:1      | IndexError the Demonspawn Hunter began the quest for the
                  | Orb.
     0 | D:1      | Reached XP level 1. HP: 16/16 MP: 1/1
    37 | D:1      | Reached skill level 1 in Stealth
    60 | D:1      | Quit the game

Illustrated notes

Levels and vault maps discovered:
D:1:      psy_arrival_dodecagon, layout_basic,
          dreamdust_ecumenical_altar_sealed_demon

Skill      XL: |  1 |
---------------+----+-----
Stealth        | 1 |  1.0
Fighting       | |  2.0
Ranged Weapons | |  3.6
Armour         | |  0.4
Dodging        | |  1.7
Spellcasting   | |  0.5

Action                     || total
---------------------------++-------
   Fire: Shortbow          ||    15
 Armour: Leather armour    ||     5
  Dodge: Dodged            ||    15

Levels and vault maps discovered:
D:1:      psy_arrival_dodecagon, layout_basic,
          dreamdust_ecumenical_altar_sealed_demon

Table legend: (Time is in decaauts)
 A = Elapsed time spent in this place.
 B = Non-inter-level travel time spent in this place.
 C = Inter-level travel time spent in this place.
 D = Time resting spent in this place.
 E = Time spent auto-exploring this place.
 F = Levels seen in this place.
 G = Mean time per level.
                   A        B        C        D        E       F      G
               +--------+--------+--------+--------+--------+-----+--------+
         Total |     65 |     65 |      0 |      0 |     36 |   1 |   65.0 |
       Dungeon |     65 |     65 |      0 |      0 |     36 |   1 |   65.0 |
               +--------+--------+--------+--------+--------+-----+--------+

Top non-repeatable levels by time:
     D:1: 65 daAuts

Table legend:
 A = Kills in this place as a percentage of kills in the entire game.
 B = Kills by you in this place as a percentage of kills by you in the entire game.
 C = Kills by friends in this place as a percentage of kills by friends in the entire game.
 D = Other kills in this place as a percentage of other kills in the entire game.
 E = Experience gained in this place as a percentage of experience gained in the entire game.
 F = Experience gained in this place divided by the number of levels of this place that you have seen.
                   A       B       C       D       E      F
               +-------+-------+-------+-------+-------+----------------------
         Total | 100.0 | 100.0 |   N/A |   N/A | 100.0 |  10.0
       Dungeon | 100.0 | 100.0 |   N/A |   N/A | 100.0 |  10.0
               +-------+-------+-------+-------+-------+----------------------
